 Dungeon Crawl Stone Soup version 0.30-a0-241-g1121274140 (console) character file.

Game seed: 9123964303338362549

81048 petzl the Eclecticist (level 16, 0/131 HPs)
             Began as a Formicid Hunter on Sept 29, 2022.
             Was a High Priest of Vehumet.
             Slain by a white ugly thing (22 damage)
             ... on level 14 of the Dungeon on Oct 11, 2022.
             The game lasted 04:17:01 (37228 turns).

petzl the Eclecticist (Formicid Hunter)            Turns: 37228, Time: 04:17:02

Health: 0/131      AC: 16    Str: 17    XL:     16   Next: 16%
Magic:  6/42       EV: 13    Int: 16    God:    Vehumet [*****.]
Gold:   46         SH:  6    Dex: 23    Spells: 21/49 levels left

rFire   . . .      SeeInvis +    b - +0 shortbow (vorpal)
rCold   . . .      Faith    .    S - +0 buckler
rNeg    . . .      Spirit   .    o - +4 troll leather armour
rPois   .          Reflect  .    (helmet unavailable)
rElec   .          Harm     .    X - +1 cloak
rCorr   .          Rampage  .    M - +2 pair of gloves
Will    +....                    O - +2 pair of boots
Stlth   ++++......               t - amulet of regeneration
HPRegen 2.01/turn                v - +6 ring of dexterity
MPRegen 0.28/turn                L - ring of magical power

@: studying Stealth
A: permanent stasis, dig shafts and tunnels, antennae 3, four strong arms, low
MP 1, sense surroundings 1, no potion heal 1
a: Dig, Shaft Self, Renounce Religion


You were on level 14 of the Dungeon.
You worshipped Vehumet.
Vehumet was extremely pleased with you.
You visited 4 branches of the dungeon, and saw 23 of its levels.
You also visited: Volcano.

You collected 2648 gold pieces.
You spent 2602 gold pieces at shops.

Inventory:

Hand Weapons
 a - a +1 rapier of venom
 b - a +0 vorpal shortbow (weapon)
 c - a +4 flail of holy wrath
 d - the +9 spear "Gucsiy" {vorpal, rPois rCorr, !f =f}
   (You found it on level 7 of the Dungeon)

   It inflicts extra damage upon your enemies.
   rPois:     It protects you from poison.
   rCorr:     It protects you from acid and corrosion.
 w - a +3 hand axe of freezing {!f =f}
 y - a +0 dire flail of protection
 B - a +0 scimitar of flaming
 F - a +2 rapier of distortion
 U - a +0 demon whip of venom
Missiles
 h - 8 javelins
 N - 7 curare-tipped darts
Armour
 o - a +4 troll leather armour (worn)
 r - a +0 kite shield
 M - a +2 pair of gloves (worn)
 O - a +2 pair of boots (worn)
 S - a +0 buckler (worn)
 X - a +1 cloak (worn)
Jewellery
 g - a +6 ring of strength
 t - an amulet of regeneration (around neck)
 v - a +6 ring of dexterity (left hand)
 H - a ring of flight
 L - a ring of magical power (right hand)
 Q - a ring of ice
 W - a ring of fire
Wands
 f - a wand of roots (10)
 m - a wand of flame (68)
 s - a wand of polymorph (5)
 z - a wand of quicksilver (7)
 C - a wand of paralysis (14)
Scrolls
 e - 3 scrolls of amnesia
 j - 4 scrolls of fear
 k - 2 scrolls of fog
 l - 3 scrolls of enchant weapon
 n - a scroll of silence
 p - 3 scrolls of identify
 u - 6 scrolls of immolation
 x - a scroll of magic mapping
 D - a scroll of summoning
 G - 4 scrolls of poison
 Y - 3 scrolls of enchant armour
Potions
 i - 3 potions of brilliance
 q - 4 potions of might
 A - 3 potions of lignification
 E - 5 potions of curing
 I - a potion of magic
 K - 2 potions of heal wounds
 R - a potion of flight
 T - a potion of resistance
 V - a potion of cancellation
 Z - a potion of invisibility
Miscellaneous
 J - a phial of floods
 P - a condenser vane


   Skills:
 + Level 13.5 Fighting
 - Level 4.0 Ranged Weapons
 - Level 2.5 Armour
 - Level 2.8 Dodging
 * Level 8.9 Stealth
 - Level 4.2 Shields
 + Level 17.2 Spellcasting
 + Level 12.4 Conjurations
 * Level 6.1 Fire Magic
 - Level 6.0 Ice Magic
 - Level 5.6 Air Magic
 - Level 5.0 Poison Magic
 - Level 3.0 Evocations


You had 21 spell levels left.
You knew the following spells:

 Your Spells              Type           Power      Damage    Failure   Level
a - Poisonous Vapours     Pois/Air       60%        N/A       1%          2
b - Fireball              Conj/Fire      21%        3d10      1%          5
c - Shock                 Conj/Air       100%       1d9       1%          1
o - Orb of Destruction    Conj           26%        9d9       9%          7
s - Sticky Flame          Conj/Fire      43%        2d6       1%          4
A - Ozocubu's Armour      Ice            33%        N/A       1%          3
C - Conjure Ball Lightni  Conj/Air       21%        3x3d6     7%          6

Your spell library contained the following spells:

 Spells                   Type           Power      Damage    Failure   Level
 Freeze                   Ice            100%       1d10      1%          1
 Momentum Strike          Conj/Tloc      66%        3d9       1%          2
 Scorch                   Fire           66%        2d8       1%          2
 Frozen Ramparts          Ice            66%        1d10      1%          3
 Hailstorm                Conj/Ice       43%        3d10      1%          3
 Flame Wave               Conj/Fire      43%        2d11      1%          4
 Cigotuvi's Dreadful Rot  Necr/Pois/Air  50%        N/A       2%          2
 Beastly Appendage        Tmut           26%        N/A       6%          1
 Spider Form              Tmut/Pois      21%        N/A       7%          3
 Wereblood                Tmut           13%        N/A       10%         2
 Lesser Beckoning         Tloc           26%        N/A       19%         3
 Summon Guardian Golem    Hex/Summ       13%        N/A       19%         3
 Metabolic Englaciation   Hex/Ice        11%        N/A       45%         5
 Dispel Undead            Necr           13%        3d9       54%         4
 Manifold Assault         Tloc           13%        N/A       54%         4
 Spellforged Servitor     Conj/Summ      16%        N/A       67%         7
 Simulacrum               Ice/Necr       11%        N/A       96%         6
 Death Channel            Necr           6%         N/A       100%        6
 Dispersal                Tloc           6%         N/A       100%        6
 Summon Cactus Giant      Summ           6%         N/A       100%        6
 Disjunction              Tloc           6%         N/A       100%        8
 Chain Lightning          Conj/Air       21%        3d28      100%        9
 Swiftness                Air            Unusable   N/A       N/A         3
 Blink                    Tloc           Unusable   N/A       N/A         2

Dungeon Overview and Level Annotations

Branches:
Dungeon (15/15)            Temple (1/1) D:6            Lair (5/5) D:10
  Swamp (0/4) Lair:3       Spider (0/4) Lair:3        Slime (0/5) Lair:5
    Orc (2/2) D:11            Elf (0/3) Orc:2       Volcano (visited)
 Vaults: D:13-14     Depths: D:15

Altars:
Ashenzari
Cheibriados
Dithmenos
Elyvilon
Fedhas
Gozag
Hepliaklqana
Kikubaaqudgha
Makhleb
Nemelex Xobeh
Okawaru
Qazlal
Ru
Sif Muna
Trog
Uskayaw
Vehumet
Wu Jian
Xom
Yredelemnul
Zin
The Shining One
Lugonu

Shops:
D:9 [   Orc:2 [[(*:

Portals:
Abyss: Lair:5
Trove: D:14 (give 16 potions of curing)

Annotations:
D:13 exclusion: downstairs
Lair:1 exclusion: downstairs


Innate Abilities, Weirdness & Mutations

You cannot be hasted, slowed, berserked, paralysed or teleported.
You can dig through walls and to a lower floor.
You have a pair of large antennae on your head. (SInv)
Your four strong arms can wield two-handed weapons with a shield.
Your magical capacity is low. (-10% MP)
You passively map a small area around you.
Potions are less effective at restoring your health.


Message History

The orb of destruction hits the white ugly thing!!!
The white ugly thing is severely wounded.
Casting: Orb of Destruction (dangerous; 9% risk of failure)
Confirm with . or Enter, or press ? or * to list all spells.
You don't have enough magic to cast this spell.
Unknown command.
Unknown command.
Unknown command.
b - a +0 vorpal shortbow (weapon)
Fire: b) +0 shortbow (vorpal)
Press: ? - help, Q - select action, (/) - cycle Shift-Dir - straight line, f/p - white ugly thing
Aim: a white ugly thing (magical condensation, severely wounded, 71% to hit)
You shoot an arrow.
The arrow barely misses the white ugly thing.
A freezing wraith comes into view.
Fire: b) +0 shortbow (vorpal)
Press: ? - help, Q - select action, (/) - cycle Shift-Dir - straight line, f/p - white ugly thing
Aim: a white ugly thing (severely wounded, 71% to hit)
You shoot an arrow.
The arrow barely misses the white ugly thing.
Fire: b) +0 shortbow (vorpal)
Press: ? - help, Q - select action, (/) - cycle Shift-Dir - straight line, f/p - white ugly thing
Aim: a white ugly thing (severely wounded, 71% to hit)
You shoot an arrow.
The arrow closely misses the white ugly thing.
The white ugly thing kicks you! The white ugly thing freezes you!!
The white ugly thing barely misses you.
The white ugly thing attacks as you move away!
The white ugly thing kicks you. The white ugly thing freezes you!!
The white ugly thing attacks as you move away!
The white ugly thing kicks you! The white ugly thing freezes you!!
You see here a +0 longbow.
Are you sure you want to shaft yourself?
The white ugly thing kicks you! The white ugly thing freezes you!!
* * * LOW HITPOINT WARNING * * *
You begin to dig a shaft.
You continue digging a shaft.
The white ugly thing kicks you.
* * * LOW HITPOINT WARNING * * *
The white ugly thing freezes you!!
You die...

#.....# #.##....[.
#.###.######.###.#..)
#.##.................
#.##.######...####[##
#.##.# ##.....##.?.#
#.##.## #............
#.##..# ##.....##.<.#
#.##..# ##...####.##
#.#≈..# ##.## #.##
#.~~~.# ### #.##
#.#~≈.# #.## ####.##≈~#
#.## #....##~~# #.##
#.#####.~# #.# #.#
#.≈### #.# #.# ##~≈..#
#.## #.# ##..~~.#####
#... #.#
#....~.....#### ####
#@# #.###~........#
###u# #.# ######.##.#
##.W.# #.# #.##.#
#..#.###.# #.##!#
#'####...# #.##.# #.#
##### #.##.# #.# #.##.#
# #.# #.##.# # *#.#*
######## #.##.# # *...*
#......# #.##.######
,... ######.#
#.##.#..... ...
#.#####.##.#.#### {
#.##.......#.# *
#.##.........# { {
######.##........#####
,
*#................#....
,
#####...#........#.###
#.................
##..#........#>###


You could see a white ugly thing and a freezing wraith.

Vanquished Creatures
  A very ugly thing (D:14)
  2 vault guards (D:14)
  4 hydras
  Erolcha (Orc:2)
  Fannar (Lair:1)
  2 catoblepae
  5 centaur warriors
  A boulder beetle (D:12)
  A jorogumo (shapeshifter) (Lair:5)
  6 two-headed ogres
  A deep troll earth mage (D:14)
  2 thrashing horrors (Lair:5)
  4 death yaks
  An orc high priest (Orc:2)
  Amaemon (Lair:1)
  A fire crab (Lair:4)
  An orb spider (Lair:3)
  A bog body (Lair:3)
  2 wizards (D:14)
  The ghost of ytrimaz the Covered, a novice FoFi (D:4)
  2 deep elf pyromancers
  4 necromancers
  5 orc sorcerers (Orc:2)
  14 ugly things
  4 manticores
  A large abomination (Lair:5)
  6 elephants
  A cyclops (D:14)
  The ghost of Valamore the Ruffian, a novice TrFi (D:5)
  6 black mambas
  The ghost of Darkkill the Ruffian, a novice TrSu of Xom (D:5)
  2 torpor snails (Lair:5)
  A gargoyle (D:14)
  An orange demon (Lair:1)
  9 cane toads
  3 smoke demons (Lair:5)
  3 unseen horrors
  A freezing wraith (D:14)
  8 rime drakes
  An efreet (D:14)
  The ghost of Tollund the Digger, a novice GrEE of Vehumet (D:5)
  2 ancient zymes (Lair:5)
  8 komodo dragons
  The ghost of SkeletonJelly the Chopper, an amateur MiFi (D:5)
  A troll (shapeshifter) (D:14)
  2 polar bears
  8 trolls
  2 dream sheep (Lair:5)
  2 hornets
  13 blink frogs
  10 slime creatures
  Sigmund (D:4)
  A centaur simulacrum (D:14)
  A water elemental (D:11)
  2 spriggans (Lair:5)
  10 wyverns
  2 vampires
  A ynoxinul (Lair:5)
  27 yaks
  A wraith (D:13)
  Eustachio (D:4)
  A steam dragon (D:10)
  10 basilisks
  19 humans
  9 fire bats (Volcano)
  10 vampire mosquitoes
  2 chaos spawn (Lair:5)
  Menkaure (D:5)
  The ghost of themarg the Magician, an amateur DjFE (D:3)
  2 acid dragons
  A swamp worm (Lair:3)
  10 water moccasins
  The ghost of WillowTheWall the Conjurer, an amateur DECj (D:3)
  16 orc warriors
  An ice beast (D:7)
  4 ogres
  3 black bears
  6 wolves (Lair:3)
  5 centaurs
  2 phantoms
  Blork the orc (D:4)
  2 kobold brigands
  14 bullfrogs
  2 scorpions
  A necrophage (D:4)
  6 wights
  4 electric eels
  5 howler monkeys
  9 small abominations (Lair:5)
  6 lava snakes (Volcano)
  2 gnoll boudas
  4 hounds
  2 jellies
  4 quasits (D:4)
  24 orc priests
  32 orc wizards
  Ijyb (D:4)
  4 iguanas
  4 polar bear simulacra (Lair:4)
  5 hell rats (Lair:4)
  2 yak simulacra (Lair:4)
  A wolf simulacrum (Lair:4)
  15 gnolls
  7 adders
  3 white imps
  An ufetubus (D:5)
  2 worms
  2 dart slugs
  50 orcs
  8 ball pythons
  6 endoplasms
  3 giant cockroaches
  14 goblins
  17 hobgoblins
  A jackal (D:1)
  A quokka (D:1)
  5 bats
  3 frilled lizards
  27 kobolds
  7 rats
  4 river rat simulacra (Lair:4)
625 creatures vanquished.

Vanquished Creatures (collateral kills)
  11 ball lightnings
11 creatures vanquished.

Vanquished Creatures (others)
  An orc wizard (D:9)
  437 ball lightnings
  51 fungi
  71 plants
560 creatures vanquished.

Grand Total: 1196 creatures vanquished

Notes
Turn   | Place    | Note
-------+----------+-------------------------------------------
     0 | D:1      | petzl the Formicid Hunter began the quest for the Orb.
     0 | D:1      | Reached XP level 1. HP: 16/16 MP: 1/1
    57 | D:1      | Reached XP level 2. HP: 22/22 MP: 1/3
   100 | D:1      | Reached skill level 1 in Spellcasting
   404 | D:1      | Reached XP level 3. HP: 28/28 MP: 4/4
   414 | D:1      | Reached skill level 1 in Armour
  1014 | D:2      | Got the Directory of the Nimbus
  1134 | D:2      | Reached XP level 4. HP: 34/34 MP: 6/6
  1666 | D:2      | Learned a level 3 spell: Ozocubu's Armour
  1669 | D:2      | Learned a level 2 spell: Poisonous Vapours
  1771 | D:3      | Found a runed translucent gate.
  1771 | D:3      | Found a runed translucent gate.
  1771 | D:3      | Found a runed translucent gate.
  1772 | D:3      | Noticed WillowTheWall's ghost (amateur DECj)
  1846 | D:3      | Found a faded altar of an unknown god.
  1880 | D:3      | Noticed themarg's ghost (amateur DjFE)
  1985 | D:3      | Found a shimmering altar of Xom.
  1985 | D:3      | Found a shimmering altar of Xom.
  1986 | D:3      | Found a shimmering altar of Xom.
  1987 | D:3      | Found a shimmering altar of Xom.
  1988 | D:3      | Found a shimmering altar of Xom.
  1988 | D:3      | Found a shimmering altar of Xom.
  1988 | D:3      | Found a shimmering altar of Xom.
  1989 | D:3      | Found a shimmering altar of Xom.
  1990 | D:3      | Found a shimmering altar of Xom.
  1990 | D:3      | Found a shimmering altar of Xom.
  2044 | D:3      | Reached skill level 2 in Spellcasting
  2209 | D:2      | Reached XP level 5. HP: 40/40 MP: 8/8
  2215 | D:2      | Reached skill level 1 in Poison Magic
  2601 | D:4      | Noticed Sigmund
  2718 | D:4      | Found an iron altar of Okawaru.
  2734 | D:4      | Reached skill level 1 in Ice Magic
  3084 | D:5      | Entered Level 5 of the Dungeon
  3201 | D:5      | Noticed Menkaure
  3251 | D:4      | Noticed Ijyb
  3266 | D:4      | You fall into a shaft and drop 1 floor!
  3515 | D:4      | Found a hazy altar of Hepliaklqana.
  3515 | D:4      | Found an ornate altar of the Wu Jian Council.
  3535 | D:5      | Noticed a phantom
  3581 | D:4      | Noticed Blork the orc
  3632 | D:5      | Found a runed translucent gate.
  3667 | D:5      | Reached XP level 6. HP: 24/47 MP: 9/9
  3903 | D:4      | Reached skill level 1 in Air Magic
  4012 | D:4      | Noticed Eustachio
  4019 | D:4      | You fall into a shaft and drop 2 floors!
  4074 | D:6      | Found a glowing golden altar of the Shining One.
  4178 | D:5      | Found a bloodstained altar of Trog.
  4185 | D:5      | Reached XP level 7. HP: 52/52 MP: 2/11
  4273 | D:5      | Reached skill level 3 in Spellcasting
  4930 | D:4      | Killed Blork the orc
  4931 | D:4      | Reached XP level 8. HP: 36/57 MP: 7/13
  5102 | D:4      | You fall into a shaft and drop 1 floor!
  5190 | D:4      | Killed Eustachio
  5389 | D:6      | Found a staircase to the Ecumenical Temple.
  5405 | Temple   | Entered the Ecumenical Temple
  5481 | D:5      | Reached skill level 4 in Spellcasting
  5485 | D:5      | Found a runed translucent gate.
  5731 | D:5      | Found a runed translucent gate.
  5733 | D:5      | Noticed Darkkill's ghost (novice TrSu)
  5733 | D:5      | Noticed Valamore's ghost (novice TrFi)
  5734 | D:5      | Noticed ytrimaz's ghost (novice FoFi)
  5734 | D:5      | Noticed SkeletonJelly's ghost (amateur MiFi)
  5735 | D:5      | Noticed Tollund's ghost (novice GrEE)
  6284 | D:6      | Found a basalt altar of Yredelemnul.
  6340 | D:6      | Reached skill level 1 in Evocations
  6608 | D:6      | Reached XP level 9. HP: 60/65 MP: 15/15
  6922 | D:7      | Found a white marble altar of Elyvilon.
  7010 | D:7      | Found a hide-covered altar of Uskayaw.
  7035 | D:7      | Identified the +9 spear "Gucsiy" {vorpal, rPois rCorr}
  7108 | D:7      | Found a stormy altar of Qazlal.
  7207 | D:7      | Reached skill level 5 in Spellcasting
  7222 | D:8      | Noticed a hornet
  7236 | D:8      | Killed a hornet
  7237 | D:8      | Reached skill level 5 in Stealth
  7439 | D:8      | Found a sacrificial altar of Ru.
  7525 | D:9      | Found Dimefan's Antique Armour Shoppe.
  7539 | D:8      | Noticed a troll
  7646 | D:4      | Killed Sigmund
  7647 | D:4      | Reached skill level 5 in Poison Magic
  7847 | D:3      | Killed WillowTheWall's ghost
  7871 | D:3      | Killed themarg's ghost
  7972 | D:4      | Killed Ijyb
  8040 | D:4      | You fall into a shaft and drop 2 floors!
  8128 | D:4      | Reached skill level 5 in Fighting
  8290 | D:7      | Reached skill level 5 in Ice Magic
  8367 | D:7      | Reached XP level 10. HP: 55/74 MP: 18/18
  8789 | D:8      | Found an opulent altar of Gozag.
  8880 | D:8      | Found a radiant altar of Vehumet.
  8949 | D:8      | Became a worshipper of Vehumet
  9038 | D:8      | Found a shimmering blue altar of Sif Muna.
  9382 | D:8      | Reached skill level 6 in Spellcasting
  9424 | D:8      | You fall into a shaft and drop 1 floor!
  9469 | D:8      | Found a glowing silver altar of Zin.
  9613 | D:8      | You fall into a shaft and drop 1 floor!
  9850 | D:9      | Bought a pair of embroidered boots for 195 gold pieces
  9955 | D:9      | Reached skill level 1 in Shields
  9955 | D:9      | Reached skill level 5 in Air Magic
 10380 | D:6      | Reached * piety under Vehumet
 10380 | D:6      | Offered knowledge of Shock by Vehumet.
 10383 | D:6      | Learned a level 1 spell: Shock
 10918 | D:10     | Entered Level 10 of the Dungeon
 10962 | D:10     | Noticed a two-headed ogre
 11619 | D:10     | Reached skill level 1 in Conjurations
 11629 | D:10     | Reached skill level 7 in Spellcasting
 12192 | D:10     | Noticed an unseen horror
 12204 | D:10     | Killed an unseen horror
 12205 | D:10     | Reached XP level 11. HP: 81/81 MP: 22/22
 12286 | D:10     | Found a shadowy altar of Dithmenos.
 12286 | D:10     | Noticed a two-headed ogre
 12292 | D:10     | You fall into a shaft and drop 1 floor!
 12325 | D:11     | Noticed a manticore
 12382 | D:10     | Found a staircase to the Lair.
 12386 | Lair:1   | Entered Level 1 of the Lair of Beasts
 12635 | D:10     | Killed a two-headed ogre
 12636 | D:10     | Reached skill level 8 in Spellcasting
 12676 | D:10     | Killed a two-headed ogre
 12823 | D:5      | You fall into a shaft and drop 2 floors!
 13013 | D:5      | Killed SkeletonJelly's ghost
 13077 | D:5      | Killed Tollund's ghost
 13140 | D:5      | You fall into a shaft and drop 3 floors!
 13164 | D:8      | Reached ** piety under Vehumet
 13164 | D:8      | Offered knowledge of Static Discharge by Vehumet.
 13311 | D:4      | Killed ytrimaz's ghost
 13312 | D:4      | Reached skill level 9 in Spellcasting
 13338 | D:5      | Killed Valamore's ghost
 13358 | D:5      | Killed Menkaure
 13458 | D:5      | Killed Darkkill's ghost
 13710 | D:12     | Noticed a boulder beetle
 14140 | D:12     | Reached XP level 12. HP: 87/88 MP: 25/25
 14155 | D:12     | Reached skill level 10 in Spellcasting
 14366 | D:12     | Reached skill level 5 in Conjurations
 14690 | D:13     | Noticed a two-headed ogre
 14783 | D:13     | Noticed a two-headed ogre
 14886 | D:11     | You fall into a shaft and drop 3 floors!
 15444 | D:11     | Found a staircase to the Orcish Mines.
 15466 | D:11     | Offered knowledge of Dazzling Flash by Vehumet.
 15588 | Orc:1    | Entered Level 1 of the Orcish Mines
 15649 | Orc:1    | Reached *** piety under Vehumet
 16062 | Orc:1    | Found a dark tunnel.
 16068 | Volcano  | Entered a volcano
 16448 | Volcano  | Reached skill level 10 in Fighting
 16678 | Volcano  | Noticed a fire dragon
 17183 | Orc:2    | Entered Level 2 of the Orcish Mines
 17346 | Orc:2    | Found a staircase to the Elven Halls.
 17490 | Orc:2    | Noticed Erolcha
 17616 | Orc:1    | Offered knowledge of Kindle Blastsparks by Vehumet.
 18000 | D:11     | Noticed a two-headed ogre
 18039 | D:10     | Upgraded the game from 0.30-a0-168-g0b976cbdc4 to
                  | 0.30-a0-219-gf2db51d15e
 18068 | D:9      | Bought a cloak for 117 gold pieces
 18080 | D:9      | Learned a level 6 spell: Conjure Ball Lightning
 18295 | Orc:2    | Killed Erolcha
 18474 | Orc:2    | Found Bobbufykh's Self-Improvement Boutique.
 18760 | Orc:2    | Reached XP level 13. HP: 104/104 MP: 23/27
 18824 | Orc:2    | Reached **** piety under Vehumet
 19256 | Orc:1    | Offered knowledge of Fireball by Vehumet.
 19263 | Orc:1    | Learned a level 5 spell: Fireball
 20253 | Orc:2    | Found Codunytt's General Store.
 20253 | Orc:2    | Found Gexuoruc's Antique Armour Shop.
 20253 | Orc:2    | Found Vaesmam's Armour Shop.
 20256 | Orc:2    | Found Otykliew's Weapon Boutique.
 20291 | Orc:2    | Bought a scroll of enchant armour for 105 gold pieces
 20291 | Orc:2    | Bought a scroll of enchant armour for 105 gold pieces
 20402 | Orc:2    | Bought a manual of Spellcasting for 1040 gold pieces
 21372 | D:13     | Reached skill level 11 in Spellcasting
 22303 | D:13     | Noticed a centaur warrior
 23017 | D:13     | Killed a centaur warrior
 23018 | D:13     | Reached skill level 12 in Spellcasting
 23304 | D:15     | Entered Level 15 of the Dungeon
 23427 | D:14     | Noticed a vault guard
 23790 | Lair:1   | Reached skill level 10 in Conjurations
 23790 | Lair:1   | Reached XP level 14. HP: 77/116 MP: 1/30
 24193 | Lair:1   | Noticed Fannar
 24222 | Lair:1   | Killed Fannar
 24456 | Lair:1   | Learned a level 7 spell: Orb of Destruction
 24768 | Lair:1   | Noticed Amaemon
 24773 | Lair:1   | Killed Amaemon
 25471 | Lair:2   | Reached skill level 13 in Spellcasting
 26432 | Lair:2   | Reached ***** piety under Vehumet
 26433 | Lair:2   | Reached skill level 14 in Spellcasting
 27499 | Lair:3   | Found a hole to the Spider Nest.
 27622 | Lair:3   | Offered knowledge of Lee's Rapid Deconstruction by Vehumet.
 27944 | Lair:3   | Found a staircase to the Swamp.
 28103 | Lair:3   | Reached skill level 15 in Spellcasting
 28182 | Lair:5   | Entered Level 5 of the Lair of Beasts
 28942 | Lair:3   | Gained mutation: You expend magic power (3 MP) to
                  | strengthen your wands. [potion of mutation]
 28942 | Lair:3   | Gained mutation: You are dopey. (Int -2) [potion of
                  | mutation]
 28943 | Lair:3   | Lost mutation: You are dopey. (Int -2) [potion of mutation]
 28943 | Lair:3   | Lost mutation: You expend magic power (3 MP) to strengthen
                  | your wands. [potion of mutation]
 28943 | Lair:3   | Gained mutation: Potions are less effective at restoring
                  | your health. [potion of mutation]
 28943 | Lair:3   | Gained mutation: Your magical capacity is low. (-10% MP)
                  | [potion of mutation]
 28943 | Lair:3   | Gained mutation: You passively map a small area around you.
                  | [potion of mutation]
 29413 | Lair:4   | Reached skill level 16 in Spellcasting
 29505 | Lair:4   | You fall into a shaft and drop 1 floor!
 29573 | Lair:5   | Found a staircase to the Slime Pits.
 30086 | Lair:5   | Reached XP level 15. HP: 115/122 MP: 13/31
 31574 | Lair:5   | Offered knowledge of Sticky Flame by Vehumet.
 31580 | Lair:5   | Learned a level 4 spell: Sticky Flame
 31740 | Lair:5   | Reached skill level 1 in Fire Magic
 32412 | Lair:5   | Found a corrupted altar of Lugonu.
 32412 | Lair:5   | Found a one-way gate to the infinite horrors of the Abyss.
 33478 | Lair:4   | Upgraded the game from 0.30-a0-219-gf2db51d15e to
                  | 0.30-a0-241-g1121274140
 34127 | D:13     | Reached skill level 17 in Spellcasting
 35135 | D:14     | Noticed a brown very ugly thing
 35324 | D:14     | Reached skill level 5 in Fire Magic
 35682 | D:14     | Killed a white very ugly thing
 36005 | D:14     | Reached XP level 16. HP: 129/130 MP: 26/33
 36583 | Orc:2    | Bought a manual of Stealth for 1040 gold pieces
 36954 | D:14     | Got the Encyclopedia of Lightning
 36975 | D:14     | Found a portal to a secret trove of treasure.
 37228 | D:14     | Slain by a white ugly thing

Illustrated notes

Levels and vault maps discovered:
D:1:      pf_arrival_petrified_forest, layout_rooms, minmay_heptomino_h4
D:2:      layout_loops_ring, minmay_ruptured
D:3:      layout_basic, xom_redecorated, shapermc_ecumenical_altar_mp_vishouse,
          gammafunk_ghost_cemetery, minmay_misc_feat_square
D:4:      cheibrodos_quashed, layout_basic, lemuel_round_altar,
          nicolae_overflow_hidden_temple, minmay_fractal_squares_5, uniq_ijyb,
          uniq_eustachio, uniq_sigmund, uniq_blork_the_orc
D:5:      layout_cave_pools, mainiacjoe_overflow_surrounded_room,
          gammafunk_ghost_cemetery, uniq_menkaure
D:6:      corexii_shantytown, layout_basic, overflow_temple_1_default,
          mainiacjoe_overflow_24_doors, temple_fountains
D:7:      layout_loops_cross, elyvilon_altar_3, mainiacjoe_overflow_paths,
          nicolae_qazlal_style_of_elements, enter_bailey_2
D:8:      layout_loops_corners, mainiacjoe_overflow_alcove_4, kennysheep_mini,
          mainiacjoe_overflow_catch_the_wave,
          mainiacjoe_overflow_small_starburst, minivault_24
D:9:      layout_loops_ring, serial_shops, shop_fountains
D:10:     layout_long_grid, mainiacjoe_overflow_six_doors_small,
          lair_entry_dummy
D:11:     layout_rooms, minmay_orc_entry_temple_small, gauntlet_entry_generic,
          serial_bayou_lagoon_b
D:12:     layout_irregular_city
D:13:     layout_long_grid
D:14:     layout_loops_ring, grunt_vaults_entry_tiered,
          chequers_serial_rivers_small_a, portal_ice_cave_entry_horrid_things,
          nicolae_trove_entry_free_sample, serial_park_tiny_pond,
          skrybe_limestone_x, onia_ninara_dug_in_and_dangerous
D:15:     grunt_enter_depths_snipers, layout_long_grid, serial_park_fountain,
          roderic_batcave
Temple:   corrupted_temple
Lair:1:   layout_regular_city, grunt_megastairs_4, uniq_amaemon, uniq_fannar
Lair:2:   layout_misc_corridors, beast_lair_carwin_4, grunt_megastairs_2,
          infiniplex_staircase_pool_2
Lair:3:   layout_misc_corridors, nicolae_swamp_entry_splash_gauntlet,
          nicolae_spider_entry_orb_guardian, infiniplex_staircase_pool
Lair:4:   layout_roguey, special_room [special_room_mythical_zoo],
          serial_bayou_pond_b, eino_house_with_fridge
Lair:5:   hellmonk_lair_end_abyssal_woods, layout_hall_layers, slime_entry_1,
          serial_rivers, chequers_serial_rivers_small_b,
          chequers_serial_rivers_micro_d, chequers_serial_rivers_micro_a,
          chequers_serial_rivers_small_b
Orc:1:    layout_caves, basic_altar, nicolae_volcano_entry_s_turn,
          minmay_orc_temple_b
Orc:2:    st_orc_mages, layout_diamond_mine, nicolae_shop_self_help,
          uniq_erolcha

Skill      XL: |  1  2  3  4  5  6  7  8  9 10 11 12 13 14 15 16 |
---------------+-------------------------------------------------+-----
Spellcasting   | 1 2 3 4 5 7 9 10 12 16 17 | 17.2
Dodging        | 2 |  2.8
Armour         | 1 2 |  2.5
Stealth        | 2 3 4 5 7 8 |  8.9
Poison Magic   | 1 2 3 4 5 |  5.0
Fighting       | 3 4 5 6 7 10 12 13 | 13.5
Ice Magic      | 1 2 3 5 6 |  6.0
Air Magic      | 1 2 3 4 5 |  5.6
Evocations     | 1 2 3 |  3.0
Shields        | 4 |  4.2
Conjurations   | 2 4 7 10 11 12 | 12.4
Fire Magic     | 5 6 |  6.1
Ranged Weapons | |  4.0

Action                   |  1- 3 |  4- 6 |  7- 9 | 10-12 | 13-15 | 16-18 || total
-------------------------+-------+-------+-------+-------+-------+-------++-------
Melee: Short sword       |       |    17 |       |       |       |       ||    17
       Dagger            |       |     3 |   132 |   357 |       |       ||   492
       Flail             |       |       |    58 |    86 |       |       ||   144
       Punch             |       |       |     2 |     5 |       |       ||     7
       Spear             |       |       |     4 |   252 |   174 |    32 ||   462
       Unarmed           |       |       |       |     2 |       |       ||     2
       Rapier            |       |       |       |       |   165 |       ||   165
 Fire: Shortbow          |    95 |   154 |    76 |   146 |   101 |     3 ||   575
Throw: Dart              |       |       |       |       |     1 |       ||     1
 Cast: Poisonous Vapours |       |    12 |    48 |   157 |     4 |       ||   221
       Ozocubu's Armour  |       |       |     9 |    52 |    34 |     1 ||    96
       Shock             |       |       |       |    13 |     1 |       ||    14
       Conjure Ball Ligh |       |       |       |     9 |   184 |       ||   193
       Fireball          |       |       |       |       |   122 |     4 ||   126
       Orb of Destructio |       |       |       |       |   127 |    16 ||   143
       Sticky Flame      |       |       |       |       |    10 |     3 ||    13
 Abil: Dig               |       |     1 |     2 |     4 |     7 |       ||    14
       Shaft Self        |       |     1 |     2 |     6 |       |     1 ||    10
Evoke: Wand              |       |       |     8 |    24 |     4 |       ||    36
       Condenser vane    |       |       |       |     2 |     2 |       ||     4
  Use: Scroll            |       |     1 |     6 |    10 |    12 |     2 ||    31
       Potion            |       |       |     3 |     4 |     7 |       ||    14
 Stab: Sleeping          |       |       |     4 |    13 |       |       ||    17
       Paralysed         |       |       |     3 |     4 |       |       ||     7
       Distracted        |       |       |       |     1 |       |       ||     1
Armor: Leather armour    |     9 |    28 |    76 |   229 |       |       ||   342
       Troll leather arm |       |       |       |    55 |   250 |    15 ||   320
Dodge: Dodged            |    31 |    83 |   226 |   423 |   234 |    23 ||  1020
Block: Buckler           |       |       |       |   130 |   155 |    12 ||   297

Table legend: (Time is in decaauts)
 A = Elapsed time spent in this place.
 B = Non-inter-level travel time spent in this place.
 C = Inter-level travel time spent in this place.
 D = Time resting spent in this place.
 E = Time spent auto-exploring this place.
 F = Levels seen in this place.
 G = Mean time per level.
                   A        B        C        D        E       F      G
               +--------+--------+--------+--------+--------+-----+--------+
         Total |  37601 |  33914 |   3687 |  11415 |   5900 |  24 | 1566.7 |
       Dungeon |  23159 |  20380 |   2779 |   5757 |   4598 |  15 | 1543.9 |
        Temple |     45 |     31 |     14 |      0 |     23 |   1 |   45.0 |
          Lair |   9889 |   9407 |    482 |   4228 |   1125 |   5 | 1977.8 |
  Orcish Mines |   3805 |   3393 |    412 |   1080 |    153 |   2 | 1902.5 |
       Volcano |    701 |    701 |      0 |    350 |      0 |   1 |  701.0 |
               +--------+--------+--------+--------+--------+-----+--------+

Top non-repeatable levels by time:
    D:13: 3143 daAuts
  Lair:5: 2923 daAuts
    D:12: 2252 daAuts
   Orc:2: 2190 daAuts
  Lair:4: 2175 daAuts
  Lair:1: 2103 daAuts
    D:14: 2088 daAuts
    D:10: 1994 daAuts
     D:5: 1882 daAuts
     D:4: 1842 daAuts
     D:6: 1698 daAuts
   Orc:1: 1615 daAuts
    D:11: 1513 daAuts
     D:8: 1447 daAuts
  Lair:3: 1443 daAuts
